 Dungeon Crawl Stone Soup version 0.19.5 (webtiles) character file.

138 Zhenya24pyc the Cudgeler (level 5, -3/32 HPs)
             Began as a Gargoyle Fighter on Apr 13, 2017.
             Slain by a gnoll
             ... wielding a +0 halberd
              (8 damage)
             ... on level 2 of the Dungeon.
             The game lasted 00:01:57 (1401 turns).

Zhenya24pyc the Cudgeler (Gargoyle Fighter)         Turns: 1401, Time: 00:01:58

Health: -3/32      AC: 10    Str: 21    XL:     5   Next: 21%
Magic:  5/5        EV:  7    Int:  8    God:
Gold:   106        SH:  9    Dex:  9    Spells: 0 memorised, 4 levels left

rFire  . . .     SeeInvis .     a - +0 flail
rCold  . . .     Gourm    .     b - +0 scale mail
rNeg   + . .     Faith    .     c - +0 shield
rPois  ∞         Spirit   .     (no helmet)
rElec  +         Reflect  .     (no cloak)
rCorr  .         Harm     .     (no gloves)
MR     .....     Rnd*Tele +     (no boots)
Stlth  +.........               (no amulet)
                                i - ring of teleportation (curse)
                                g - ring of stealth

@: no status effects
A: negative energy resistance 1, electricity resistance, unbreathing,
petrification resistance, rot immunity, AC +4
a: no special abilities


You were on level 2 of the Dungeon.
You were not hungry.

You visited 1 branch of the dungeon, and saw 2 of its levels.

You collected 106 gold pieces.

Inventory:

Hand Weapons
 a - a +0 flail (weapon)
Armour
 b - a +0 scale mail (worn)
 c - a +0 shield (worn)
Jewellery
 g - a ring of stealth (left hand)
 i - a cursed ring of teleportation (right hand)
 o - an uncursed ring of poison resistance
Scrolls
 e - a scroll of immolation {unknown}
 j - a scroll of identify {unknown}
 k - a scroll of enchant armour {unknown}
 l - a scroll of fog {unknown}
 m - a scroll of amnesia {unknown}
 n - a scroll of enchant weapon {unknown}
Potions
 d - a potion of might
 p - a potion of mutation {unknown}
 r - a potion of heal wounds {unknown}
 s - a potion of curing {unknown}
Comestibles
 f - a bread ration
 h - a meat ration


   Skills:
 - Level 3.2 Fighting
 * Level 5.0 Maces & Flails
 - Level 3.2 Armour
 + Level 1.0 Dodging
 - Level 3.2 Shields


You had 4 spell levels left.
You didn't know any spells.

Dungeon Overview and Level Annotations

Branches:
Dungeon (2/15)

Altars:


Innate Abilities, Weirdness & Mutations

You are resistant to torment.
Your stone body is resilient. (AC +4)
You are immune to poison.
You resist negative energy. (rN+)
You are resistant to electric shocks. (rElec)
You can survive without breathing.
You are immune to petrification.
You are immune to rotting.


Message History

You kill the gnoll!
The gnoll hits you with a flail.
You barely miss the gnoll. The gnoll closely misses you.
The gnoll hits you but does no damage.
You barely miss the gnoll.
The gnoll hits you from afar with a halberd!
You block the gnoll's attack.
You sock the gnoll!
The gnoll is almost dead.
The gnoll closely misses you. The gnoll hits you but does no damage.
You hit the gnoll.
You kill the gnoll!
Your Maces & Flails skill increases to level 5!
You block the gnoll's attack. The gnoll hits you with a halberd.
* * * LOW HITPOINT WARNING * * *
Items here: ))) † a flail; a club; a spear; a gnoll corpse You closely miss the gnoll.
The gnoll hits you with a halberd!
You die...

################### #
#.....†@g.......... #
########'#########....###
##......(......... #........
##................ ....g....
##..........................
.........#'#######.......(..
...........##...............
...........##...............
...........##...............


You could see a gnoll.

Vanquished Creatures
  3 gnolls (D:2)
  6 adders (D:2)
  An ooze (D:2)
  A dart slug (D:1)
  3 leopard geckos
  4 bats
  3 giant cockroaches
  7 goblins
  4 hobgoblins
  5 jackals (D:2)
  A kobold (D:1)
  A quokka (D:1)
  6 frilled lizards
  3 rats
48 creatures vanquished.

Notes
Turn   | Place    | Note
-------+----------+-------------------------------------------
     0 | D:1      | Zhenya24pyc the Gargoyle Fighter began the quest for the Orb.
     0 | D:1      | Reached XP level 1. HP: 14/14 MP: 1/1
   222 | D:1      | Reached XP level 2. HP: 19/19 MP: 2/2
   370 | D:1      | Reached skill level 3 in Maces & Flails
   559 | D:1      | Reached XP level 3. HP: 23/23 MP: 3/3
  1127 | D:2      | Reached skill level 4 in Maces & Flails
  1127 | D:2      | Reached XP level 4. HP: 17/28 MP: 4/4
  1162 | D:2      | Reached skill level 1 in Dodging
  1393 | D:2      | Reached XP level 5. HP: 22/32 MP: 5/5
  1399 | D:2      | Reached skill level 5 in Maces & Flails
  1401 | D:2      | Slain by a gnoll

Skill      XL: |  1  2  3  4  5 |
---------------+----------------+-----
Maces & Flails | 3 4 5 |  5.0
Dodging        | 1 |  1.0
Fighting       | |  3.2
Armour         | |  3.2
Shields        | |  3.2

Action                   |  1- 3 |  4- 6 || total
-------------------------+-------+-------++-------
Melee: Flail             |   135 |    54 ||   189
  Eat: Chunk             |     1 |     1 ||     2
Armor: Scale mail        |    94 |    41 ||   135
Dodge: Dodged            |    48 |    34 ||    82
Block: Shield            |    85 |    32 ||   117
